 Dungeon Crawl Stone Soup version 0.31.0-12-g77e489cdc1 (webtiles) character file.

Game seed: 7347533333624204574

11095 cdecastro the Mimic (level 11, -7/102 HPs)
             Began as a Green Draconian Shapeshifter on Feb 24, 2024.
             Was a Believer of Uskayaw.
             Mangled by a skeletal warrior
             ... wielding a +0 halberd
              (26 damage)
             ... on level 10 of the Dungeon on Feb 26, 2024.
             The game lasted 00:24:11 (12559 turns).

cdecastro the Mimic (Green Draconian Shapeshifter) Turns: 12559, Time: 00:24:12

Health: -7/102     AC:  9    Str: 16    XL:     11   Next: 44%
Magic:  0/13       EV: 17    Int: 12    God:    Uskayaw [**....]
Gold:   529        SH:  0    Dex: 14    Spells: 10/10 levels left

rFire   . . .        a - melded +0 whip (venom)
rCold   + . .        (shield currently unavailable)
rNeg    . . .        (body armour unavailable)
rPois   +            M - +2 hat
rElec   .            y - scarf {shadows}
rCorr   .            w - melded +0 pair of gloves
SInv    .            (no boots)
Will    .....        I - amulet of guardian spirit
Stlth   +            N - ring of protection from cold
HPRegen 0.37/turn    R - +5 ring of evasion
MPRegen 0.13/turn

%: guardian spirit
@: blade hands, studying Unarmed Combat
A: breathe noxious fumes, AC +7, unfitting armour, poison resistance,
cold-blooded
a: Breathe Noxious Fumes, Begin Untransformation, Renounce Religion, Stomp, Line
Pass


You were on level 10 of the Dungeon.
You worshipped Uskayaw.
Uskayaw was noncommittal.
You had blades for hands.
You visited 2 branches of the dungeon, and saw 12 of its levels.
You also visited: Ossuary.

You collected 529 gold pieces.

Inventory:

Hand Weapons
 a - a +0 whip of venom (melded)
 b - a +2 dagger of holy wrath
 d - a +2 short sword of draining
 n - a +3 hand axe
Armour
 w - a +0 pair of gloves (melded)
 y - a scarf of shadows (worn)
 M - a +2 hat (worn)
Magical Staves
 h - a staff of conjuration
 i - a staff of fire
 j - the staff of the Four Olives {rC+ Will+ Ice}
   (You found it on level 4 of the Dungeon)

   [staff of cold]

   Base accuracy: +5 Base damage: 5 Base attack delay: 1.2 This weapon's minimum
   attack delay (0.6) is reached at skill level 12.
   rC+:       It protects you from cold.
   Will+:     It increases your willpower.
   Ice:       It increases the power of your Ice spells.
   It falls into the 'Staves' category.
   It is a one-handed weapon.
Jewellery
 m - a ring of wizardry
 I - an amulet of guardian spirit (around neck)
 N - a ring of protection from cold (left blade hand)
 O - a ring of fire
 R - a +5 ring of evasion (right blade hand)
Talismans
 c - a flux talisman
 r - a blade talisman (active)
 x - a beast talisman
Wands
 o - a wand of acid (5)
 B - a wand of iceblast (9)
 J - a wand of charming (10)
Scrolls
 e - 9 scrolls of teleportation {unknown}
 g - 4 scrolls of amnesia {unknown}
 k - a scroll of brand weapon {unknown}
 p - 3 scrolls of poison {unknown}
 q - 2 scrolls of acquirement {unknown}
 s - 2 scrolls of identify
 v - 3 scrolls of revelation {unknown}
 A - a scroll of fear {unknown}
 C - 4 scrolls of noise {unknown}
 G - a scroll of torment {unknown}
 K - a scroll of blinking {unknown}
 P - a scroll of enchant weapon {unknown}
 Q - a scroll of immolation {unknown}
 S - a scroll of fog {unknown}
Potions
 f - 2 potions of enlightenment
 l - 2 potions of attraction
 t - a potion of haste
 u - 2 potions of resistance
 z - 3 potions of curing
 D - a potion of heal wounds
 E - a potion of cancellation
 F - 3 potions of ambrosia
 H - a potion of magic {unknown}
 L - 2 potions of brilliance


   Skills:
 - Level 11.1 Fighting
 - Level 1.7 Dodging
 - Level 3.4 Unarmed Combat
 * Level 3.7 Invocations
 * Level 13.7 Shapeshifting


You had 10 spell levels left.
You didn't know any spells.
Your spell library contained the following spells:

 Spells                   Type           Power      Damage    Failure   Level
 Magic Dart               Conj           0%         1d3       32%         1
 Sandblast                Erth           0%         2d4       32%         1
 Summon Small Mammal      Summ           0%         N/A       32%         1
 Blink                    Tloc           0%         N/A       45%         2
 Call Imp                 Summ           0%         N/A       45%         2
 Cigotuvi's Dreadful Rot  Necr/Alch/Air  0%         N/A       45%         2
 Mercury Vapours          Alch/Air       0%         N/A       45%         2
 Call Canine Familiar     Summ           0%         N/A       69%         3
 Fugue of the Fallen      Necr           0%         N/A       69%         3
 Mephitic Cloud           Conj/Alch/Air  0%         N/A       69%         3
 Ozocubu's Armour         Ice            0%         N/A       69%         3
 Passwall                 Erth           0%         N/A       69%         3
 Sigil of Binding         Hex            0%         N/A       69%         3
 Stone Arrow              Conj/Erth      0%         3d7       69%         3
 Volatile Blastmotes      Fire/Tloc      0%         2d10      69%         3
 Brom's Barrelling Bould  Conj/Erth      0%         2d3       97%         4
 Dimensional Bullseye     Hex/Tloc       0%         N/A       97%         4
 Fulminant Prism          Conj/Alch      0%         3d5       97%         4
 Ignite Poison            Fire/Alch      0%         N/A       97%         4
 Iskenderun's Mystic Bla  Conj/Tloc      0%         2d3       97%         4
 Manifold Assault         Tloc           0%         N/A       97%         4
 Summon Blazeheart Golem  Fire/Summ      0%         N/A       97%         4
 Summon Lightning Spire   Summ/Air       0%         N/A       97%         4
 Freezing Cloud           Conj/Ice/Air   0%         6-21      100%        5
 Lee's Rapid Deconstruct  Erth           0%         3d4*      100%        5
 Animate Armour           Summ/Erth      Unusable   N/A       N/A         4

Dungeon Overview and Level Annotations

Branches:
Dungeon (11/15)            Temple (1/1) D:6            Lair (0/5) D:8
    Orc (0/2) D:10        Ossuary (visited)

Altars:
Ashenzari
Cheibriados
Dithmenos
Elyvilon
Fedhas
Gozag
Hepliaklqana
Kikubaaqudgha
Makhleb
Nemelex Xobeh
Okawaru
Qazlal
Ru
Sif Muna
Trog
Uskayaw
Vehumet
Wu Jian
Xom
Yredelemnul
Zin
The Shining One

Shops:
D:10 [

Annotations:
D:4 4 runed translucent doors
D:6 3 runed translucent doors, awry's ghost, novice MiBe


Innate Abilities, Weirdness & Mutations

You have blades for hands.
You are incapable of wielding weapons or throwing items.
You can breathe blasts of noxious fumes.
Your lurid green scales are hard. (AC +7)
You cannot fit into any form of body armour.
Your system is resistant to poisons. (rPois)
You are cold-blooded and may be slowed by cold attacks.


Message History

The skeletal warrior is moderately damaged.
The skeletal warrior completely misses you.
You hit the skeletal warrior but do no damage.
You tail-slap the skeletal warrior.
The skeletal warrior is moderately damaged.
The skeletal warrior hits you with a +0 halberd!!
You can now pass through a line of other dancers.
You slash the skeletal warrior!
The skeletal warrior is heavily damaged.
The skeletal warrior barely misses you.
You hit the skeletal warrior but do no damage.
Your tail-slap misses the skeletal warrior.
The skeletal warrior is heavily damaged.
The skeletal warrior hits you with a +0 halberd!!
* * * LOW HITPOINT WARNING * * *
You hit the skeletal warrior but do no damage.
You tail-slap the skeletal warrior, but do no damage.
The skeletal warrior is heavily damaged.
The skeletal warrior misses you.
You hit the skeletal warrior.
The skeletal warrior is severely damaged.
The skeletal warrior hits you with a +0 halberd!!
* * * LOW HITPOINT WARNING * * *
You completely miss the skeletal warrior.
The skeletal warrior is heavily damaged.
The skeletal warrior closely misses you.
You closely miss the skeletal warrior.
The skeletal warrior is heavily damaged.
The skeletal warrior hits you with a +0 halberd!!
* * * LOW HITPOINT WARNING * * *
Okay, then.
Okay, then.
You feel much better.
The skeletal warrior hits you with a +0 halberd!!
* * * LOW HITPOINT WARNING * * *
Unknown command.
You slash the skeletal warrior!
The skeletal warrior is almost destroyed.
The skeletal warrior hits you with a +0 halberd!!
You die...

...........#.##....#
......####...##..###
......# ###.....####
###.### #....∩...#
##.# ##.##....# #..#
#.##..### #<##
####..### ##.#####
#######...## .......#
#....z@....# .......#
#..........# .......#
#..........#
.......####..........#
......>..............#
.......####..........#
###.#### ######.#####
##..# #..## #..##
##..#


You could see a skeletal warrior.

Vanquished Creatures
  2 two-headed ogres
  2 elephants (D:8)
  A gargoyle (D:10)
  A kobold demonologist (D:9)
  A komodo dragon (D:10)
  4 trolls
  2 hornets
  14 yaks
  2 wyverns
  Grum (D:8)
  2 steam dragons (D:7)
  A vampire mosquito (D:10)
  An acid dragon (D:9)
  An orc warrior (D:8)
  2 black bears
  An ice beast (D:7)
  A sky beast (D:7)
  2 wolves (D:7)
  3 centaurs
  An ogre (D:4)
  A weeping skull (Ossuary)
  3 phantoms
  4 bullfrogs
  4 scorpions
  7 water moccasin zombies (Ossuary)
  8 wights
  12 killer bees
  2 howler monkeys (D:8)
  A bullfrog zombie (D:6)
  A bombardier beetle (D:4)
  3 gnoll boudas
  2 hounds
  3 orc priests
  2 jellies (D:6)
  5 iguanas
  3 orc wizards
  A killer bee zombie (D:6)
  A crocodile zombie (Ossuary)
  2 bullfrog simulacra (Ossuary)
  2 mummies (Ossuary)
  7 adders
  16 gnolls
  A shadow imp (D:7)
  2 white imps
  2 ufetubi (D:6)
  4 adder zombies (Ossuary)
  3 ribbon worms (D:4)
  7 dart slugs
  28 orcs
  3 bats (D:1)
  5 endoplasms
  4 giant cockroaches
  11 goblins
  10 hobgoblins
  12 jackals
  9 kobolds
  7 quokkas
  13 ball pythons
  2 frilled lizards
  6 gnoll zombies (Ossuary)
  A jackal zombie (Ossuary)
  6 orc zombies (Ossuary)
  3 rats
274 creatures vanquished.

Vanquished Creatures (collateral kills)
  2 killer bees (D:9)
2 creatures vanquished.

Grand Total: 276 creatures vanquished

Notes
Turn   | Place    | Note
-------+----------+-------------------------------------------
     0 | D:1      | cdecastro the Draconian Shapeshifter began the quest for
                  | the Orb.
     0 | D:1      | Reached XP level 1. HP: 16/16 MP: 1/1
    36 | D:1      | Reached XP level 2. HP: 22/23 MP: 2/2
   260 | D:1      | Reached XP level 3. HP: 24/28 MP: 3/3
   897 | D:2      | Reached skill level 4 in Shapeshifting
   897 | D:2      | Reached XP level 4. HP: 36/36 MP: 4/4
  1234 | D:3      | Found a faded altar of an unknown god.
  1429 | D:3      | Prayed at the altar of an unknown god.
  1429 | D:3      | Became a worshipper of Uskayaw the Reveller
  1429 | D:3      | Reached * piety under Uskayaw
  2306 | D:4      | Found a large runed translucent door.
  2306 | D:4      | Found a large runed translucent door.
  2353 | D:4      | Found a large runed translucent door.
  2353 | D:4      | Found a large runed translucent door.
  2393 | D:4      | Reached XP level 5. HP: 44/44 MP: 5/5
  2471 | D:4      | Found an iron altar of Okawaru.
  2618 | D:4      | Noticed a phantom
  2628 | D:4      | Reached ** piety under Uskayaw
  2632 | D:4      | Killed a phantom
  2632 | D:4      | Reached *** piety under Uskayaw
  2633 | D:4      | Reached skill level 5 in Shapeshifting
  2794 | D:4      | Found a broken altar of Ashenzari.
  2799 | D:4      | Saw a vision of the Swamp and the Snake Pit.
  2799 | D:4      | Noticed an alligator
  2799 | D:4      | Noticed an eleionoma
  2799 | D:4      | Noticed a bunyip
  2799 | D:4      | Noticed a tyrant leech
  2799 | D:4      | Noticed a bog body
  2799 | D:4      | Noticed a goliath frog
  2799 | D:4      | Noticed a tyrant leech
  2799 | D:4      | Noticed an anaconda
  2799 | D:4      | Noticed a naga
  2799 | D:4      | Noticed an anaconda
  2799 | D:4      | Noticed a black mamba
  2799 | D:4      | Noticed a salamander
  2799 | D:4      | Noticed a naga ritualist
  2799 | D:4      | Noticed a black mamba
  2800 | D:4      | Noticed a black mamba
  2800 | D:4      | Noticed a mana viper
  2800 | D:4      | Noticed a naga mage
  2801 | D:4      | Noticed an alligator
  2862 | D:4      | Reached XP level 6. HP: 51/51 MP: 6/6
  3204 | D:4      | Noticed a hornet
  3217 | D:4      | Killed a hornet
  3218 | D:4      | Reached skill level 6 in Shapeshifting
  3218 | D:4      | Your scales start taking on a lurid green colour.
  3218 | D:4      | Reached XP level 7. HP: 60/60 MP: 7/7
  3218 | D:4      | Gained mutation: Your system is resistant to poisons.
                  | (rPois) [Green Draconian growth]
  3273 | D:4      | Identified the staff of the Four Olives {rC+ Will+ Ice}
  3340 | D:4      | Reached skill level 5 in Fighting
  3555 | D:5      | Entered Level 5 of the Dungeon
  3702 | D:5      | Identified the +1 dagger of Intimidation {flame, MP+9
                  | Dex+4}
  3730 | D:5      | Reached skill level 7 in Shapeshifting
  3813 | D:5      | Found a radiant altar of Vehumet.
  3926 | D:5      | Found a blossoming altar of Fedhas.
  4376 | D:6      | Found a sand-covered staircase.
  4409 | Ossuary  | Entered an ossuary
  4513 | Ossuary  | Reached XP level 8. HP: 70/70 MP: 8/8
  4528 | Ossuary  | Reached **** piety under Uskayaw
  4646 | Ossuary  | Reached skill level 8 in Shapeshifting
  4798 | D:6      | Found an ancient bone altar of Kikubaaqudgha.
  4877 | D:6      | Found a staircase to the Ecumenical Temple.
  4907 | Temple   | Entered the Ecumenical Temple
  5178 | D:6      | Found a runed translucent gate.
  5178 | D:6      | Found a runed translucent gate.
  5178 | D:6      | Found a runed translucent gate.
  5178 | D:6      | Noticed awry's ghost (novice MiBe)
  5210 | D:6      | Found a basalt altar of Yredelemnul.
  5297 | D:6      | Reached skill level 9 in Shapeshifting
  5716 | D:6      | Reached XP level 9. HP: 64/79 MP: 9/9
  6257 | D:7      | HP: 2/81 [steam dragon/ball of steam (9)]
  7127 | D:8      | Reached skill level 10 in Shapeshifting
  7604 | D:8      | HP: 2/77 [wight/+3 spear (3)]
  7883 | D:8      | Noticed an elephant
  8549 | D:8      | Noticed Grum
  8551 | D:8      | Reached skill level 11 in Shapeshifting
  8566 | D:8      | Killed Grum
  8578 | D:8      | Reached XP level 10. HP: 60/91 MP: 6/10
  8865 | D:8      | Found a staircase to the Lair.
  8865 | D:8      | Noticed an elephant
  8877 | D:8      | Killed an elephant
  8971 | D:8      | Killed an elephant
  9432 | D:9      | Reached skill level 10 in Fighting
  9432 | D:9      | Reached skill level 12 in Shapeshifting
  9791 | D:9      | Found an ornate altar of the Wu Jian Council.
  9791 | D:9      | Found a bloodstained altar of Trog.
  9792 | D:9      | Noticed a two-headed ogre
  9809 | D:9      | Killed a two-headed ogre
 10207 | D:9      | Found a hazy altar of Hepliaklqana.
 10527 | D:9      | Reached XP level 11. HP: 100/101 MP: 11/11
 10534 | D:9      | Reached skill level 13 in Shapeshifting
 10855 | D:10     | Entered Level 10 of the Dungeon
 10987 | D:10     | Found a glowing golden altar of the Shining One.
 11255 | D:10     | Found Fixuf's Antique Armour Shoppe.
 11409 | D:10     | Reached skill level 1 in Invocations
 11424 | D:10     | Noticed a two-headed ogre
 11426 | D:10     | Reached ***** piety under Uskayaw
 11782 | D:10     | Found a staircase to the Orcish Mines.
 12143 | D:10     | Killed a two-headed ogre
 12518 | D:11     | Noticed a skeletal warrior
 12518 | D:11     | Noticed a skeletal warrior
 12518 | D:11     | Noticed a skeletal warrior
 12559 | D:10     | Mangled by a skeletal warrior

Illustrated notes

Levels and vault maps discovered:
D:1:      minmay_arrival_stair_chambers, layout_basic, minmay_crystal_water
D:2:      layout_rooms
D:3:      layout_basic, serial_bayou, serial_bayou_lake_a, serial_bayou_pond_d,
          serial_bayou_ford_a, serial_bayou_pond_c,
          nicolae_ecumenical_snake_handling, minmay_increasing_density
D:4:      layout_loops_cross, grunt_ashenzari_visionary
          [grunt_ashenzari_visionary_swamp, grunt_ashenzari_visionary_snake],
          mainiacjoe_overflow_surrounded_room, corexii_item_surrounded_by_moat,
          minmay_hollow_rounded_squares
D:5:      layout_loops_ring, lemuel_crystal_altar, lemuel_doored_altar,
          chequers_jeans
D:6:      layout_loops_cross, mainiacjoe_overflow_brackets,
          nicolae_yredelemnul_ghost_church, minmay_temple_entry_waves,
          nicolae_ossuary_entry_false_entrances
D:7:      layout_basic
D:8:      layout_gridville, grunt_lair_entry_orc_guard_hut,
          chequers_mini_garden, hangedman_abyss_or_decor_stabs,
          chequers_serial_rivers_micro_b, uniq_grum
D:9:      layout_basic, chequers_temple_overflow_statue_of_worship,
          overflow_temple_1_default
D:10:     layout_roguey, tso_metal_star, minmay_orc_entry_temple_small,
          serial_shops, nicolae_square_shop, abandoned_shop,
          kennysheep_generic_room_6
D:11:     layout_loops_ring, hangedman_stone_soup, uniq_josephine
Temple:   hc_temple_tempest_star

Skill      XL: |  1  2  3  4  5  6  7  8  9 10 11 |
---------------+----------------------------------+-----
Fighting       | 2 3 4 5 7 9 10 11 | 11.1
Shapeshifting  | 4 5 6 7 9 11 12 13 | 13.7
Invocations    | 3 |  3.7
Dodging        | |  1.7
Unarmed Combat | |  3.4

Action                     |  1- 3 |  4- 6 |  7- 9 | 10-12 || total
---------------------------+-------+-------+-------+-------++-------
  Melee: Unarmed           |    17 |       |       |    78 ||    95
         Tailslap          |    10 |    19 |    68 |    55 ||   152
         Punch             |     4 |       |    13 |    13 ||    30
         Short sword       |    28 |       |       |       ||    28
         Whip              |    49 |   130 |   280 |   170 ||   629
         Dagger            |       |     8 |   157 |    26 ||   191
Ability: Breathe Noxious F |       |       |     2 |    11 ||    13
    Use: Potion            |       |     1 |     3 |     1 ||     5
         Scroll            |       |       |       |     9 ||     9
   Stab: Sleeping          |       |     2 |       |     2 ||     4
         Paralysed         |       |       |     9 |     4 ||    13
         Confused          |       |       |       |     9 ||     9
 Armour: Skin              |    62 |    76 |   380 |   217 ||   735
  Dodge: Dodged            |    53 |    76 |   301 |   190 ||   620
   Form: Blade             |       |       |       |     3 ||     3
                           |       |       |       |     1 ||     1
         Beast             |       |       |       |     1 ||     1
